AoeStats
← jess_du_marais

Arena

510765458Analyzed
2v2 RM · 14h ago on Oct 2, 2026· 48m 5s· 4 players
Game mode
Random Map
Map size
Medium (4 player)
Population
200
Speed
Normal
Resources
Standard
Victory
Conquest
Starting age
Dark Age
Ending age
Imperial Age
RankedLock teamsTeams togetherTeam positionsShared explorationLock speedFull tech treeHidden civsTurbo modeCheats
Victory
Defeat
🇪🇸 Franks · Spain
561
+14
🇪🇸 Spanish · Spain
546
+14
🇫🇷 Khmer · France
516
-14
🇲🇽 Franks · Mexico
513
-14
koes08
11:59 Feudal Age
14:30 Wheelbarrow
15:34 Double-Bit Axe
15:18 Man-at-Arms
21:57 Castle Age
24:30 Pikeman
24:33 Elite Skirmisher
25:15 Crossbowman
27:42 Long Swordsman
30:14 Hand Cart
34:59 Caravan
38:26 Bow Saw
44:07 Imperial Age
44:30 Halberdier
jess_du_marais
9:24 Loom
12:22 Feudal Age
16:27 Wheelbarrow
15:38 Town Watch
18:45 Castle Age
16:32 Town Watch
22:34 Caravan
26:30 Horse Collar
28:08 Double-Bit Axe
30:28 Heavy Plow
31:16 Gold Mining
31:20 Stone Mining
33:46 Hand Cart
37:04 Imperial Age
36:03 Bow Saw
36:03 Town Patrol
39:02 Elite Ballista Elephant
43:55 Scale Barding Armor
46:13 Chain Barding Armor
46:34 Gold Shaft Mining
minchaspollez
10:38 Feudal Age
11:03 Horse Collar
11:13 Double-Bit Axe
14:23 Wheelbarrow
23:11 Padded Archer Armor
23:04 Fletching
23:20 Scale Barding Armor
23:29 Forging
27:07 Castle Age
27:35 Gold Mining
27:41 Stone Mining
28:12 Leather Archer Armor
27:53 Bodkin Arrow
29:20 Bow Saw
29:21 Heavy Plow
29:23 Pikeman
30:08 Squires
32:34 Stone Shaft Mining
33:46 Hand Cart
34:13 Gambesons
36:18 Chain Barding Armor
39:59 Imperial Age
38:28 Ballistics
39:56 Scale Mail Armor
40:33 Iron Casting
40:42 Elite Conquistador
42:40 Chemistry
brodididi
10:35 Feudal Age
12:00 Wheelbarrow
11:54 Double-Bit Axe
12:01 Gold Mining
18:26 Castle Age
21:29 Bow Saw
21:56 Stone Mining
25:49 Pikeman
26:53 Hand Cart
26:43 Scale Mail Armor
28:15 Gold Shaft Mining
34:27 Imperial Age
34:10 Arson
35:14 Chain Mail Armor
35:09 Forging
35:20 Cavalier
36:09 Scale Barding Armor
36:07 Halberdier
37:26 Iron Casting
37:22 Plate Mail Armor
38:19 Coinage
38:19 Chain Barding Armor
39:54 Blast Furnace
40:17 Paladin
46:57 Chivalry
47:38 Plate Barding Armor
Connection lost

Rejoining the realm…

Still unreachable

The connection could not be restored.

Session expired

The server has moved on; the page needs a fresh start.